 Dungeon Crawl Stone Soup version 0.28-a0-657-g71136c5590 (webtiles) character file.

Game seed: 5401837208411678538

385 sleeves the Slasher (level 6, 0/47 HPs)
             Began as a Demonspawn Fighter on Oct 14, 2021.
             Succumbed to a scorpion's poison
             ... on level 3 of the Dungeon.
             The game lasted 00:03:48 (3328 turns).

sleeves the Slasher (Demonspawn Fighter)            Turns: 3328, Time: 00:03:48

Health: 0/47       AC:  9    Str: 17    XL:     6   Next: 48%
Magic:  5/5        EV:  9    Int: 10    God:
Gold:   210        SH:  4    Dex: 13    Spells: 5/5 levels left

rFire   . . .      SeeInvis .   a - +0 long sword
rCold   . . .      Faith    .   c - +0 buckler
rNeg    . . .      Spirit   .   b - +0 scale mail
rPois   .          Reflect  .   o - +2 hat
rElec   .          Harm     .   n - +0 cloak
rCorr   .          Rampage  .   (no gloves)
Will    .....                   (no boots)
Stlth   ..........              (no amulet)
HPRegen 0.15/turn               (no ring)
MPRegen 0.18/turn               (no ring)

@: brilliant, lethally poisoned (0 -> -5)
A: horns 1, magic regeneration, weakness stinger 1, beak, low mp 1, MP-powered
wands
a: no special abilities


You were on level 3 of the Dungeon.
You visited 1 branch of the dungeon, and saw 4 of its levels.
You also visited: Sewer.

You collected 210 gold pieces.

Inventory:

Hand Weapons
 a - a +0 long sword (weapon)
Armour
 b - a +0 scale mail (worn)
 c - a +0 buckler (worn)
 n - a +0 cloak (worn)
   (You found it on level 2 of the Dungeon)
 o - a +2 hat (worn)
   (You found it on level 2 of the Dungeon)
Wands
 p - a wand of mindburst (12)
   (You found it on level 3 of the Dungeon)
Scrolls
 e - 3 scrolls of vulnerability {unknown}
 f - 5 scrolls of identify {unknown}
 g - 2 scrolls of fear {unknown}
 h - a scroll of amnesia {unknown}
 i - a scroll of acquirement {unknown}
 j - a scroll of enchant armour {unknown}
 s - 2 scrolls of teleportation {unknown}
 u - 4 scrolls of fog {unknown}
 v - a scroll of summoning {unknown}
Potions
 d - 5 potions of might
 l - a potion of attraction
 t - a potion of magic {unknown}
 w - a potion of degeneration {unknown}


   Skills:
 - Level 3.0 Fighting
 + Level 6.4 Long Blades
 - Level 2.6 Armour
 - Level 2.6 Shields


You had 5 spell levels left.
You didn't know any spells.
Your spell library contained the following spells:

 Spells                   Type           Power      Damage    Failure   Level
 Animate Skeleton         Necr           0%         N/A       83%         1
 Apportation              Tloc           0%         N/A       83%         1
 Summon Small Mammal      Summ           0%         N/A       83%         1
 Static Discharge         Conj/Air       0%         N/A       92%         2
 Dispel Undead            Necr           0%         3d6       100%        4
 Sticky Flame             Conj/Fire      0%         2d3       100%        4


Dungeon Overview and Level Annotations

Branches:
Dungeon (4/15)              Sewer (visited)
 Temple: D:4-7

Altars:
Trog


Innate Abilities, Weirdness & Mutations

You have a pair of small horns on your head.
You regenerate magic rapidly.
You have a small tail.
You have a beak for a mouth.
Your magical capacity is low. (-10% MP)
You expend magic power (3 MP) to strengthen your wands.


Message History

No target in view!
No target in view!
No target in view!
No target in view!
No target in view!
No target in view!
You see here a rat corpse. 2 adders and a giant cockroach come into view.
Found a short sword.
The adder hisses angrily. x2
There are monsters nearby!
There are monsters nearby!
You block the adder's attack. The adder bites you but does no damage.
You block the adder's attack.
You hit the adder.
The adder is moderately wounded.
The adder barely misses you. The adder bites you but does no damage.
Your shield and scale mail prevent you from hitting the adder.
The adder is moderately wounded.
You block the adder's attack.
You closely miss the adder. Your headbutt misses the adder.
The adder is moderately wounded.
The adder closely misses you. The adder bites you but does no damage.
You closely miss the adder.
You headbutt the adder, but do no damage.
You tail-slap the adder.
The adder is heavily wounded.
The adder closely misses you. The adder bites you.
You barely miss the adder. Your headbutt misses the adder.
The adder is heavily wounded.
The adder bites you.
You closely miss the adder. Your headbutt misses the adder.
Your tail-slap misses the adder.
The adder is heavily wounded.
The adder bites you but does no damage. The adder completely misses you.
You closely miss the adder.
The adder is heavily wounded.
The adder barely misses you. x2
You barely miss the adder. Your headbutt misses the adder.
The adder is heavily wounded.
The adder bites you.
You barely miss the adder. Your headbutt misses the adder.
The adder is heavily wounded.
The adder bites you but does no damage. The adder closely misses you.
You miss the adder. Your headbutt misses the adder.
The adder is heavily wounded.
The adder bites you but does no damage. The adder bites you.
You slash the adder!
You kill the adder!
You block the giant cockroach's attack.
You slash the giant cockroach!
You kill the giant cockroach!
The adder barely misses you.
You hit the adder. You tail-slap the adder.
The adder is moderately wounded.
The adder closely misses you.
You miss the adder.
The adder is moderately wounded.
The adder bites you but does no damage. The adder bites you.
You are poisoned.
The adder poisons you!
You closely miss the adder.
Your tail-slap misses the adder.
The adder is moderately wounded.
You feel sick. The adder bites you but does no damage.
You miss the adder. You tail-slap the adder.
The adder is severely wounded.
You feel sick. The adder bites you but does no damage.
You slash the adder!
You kill the adder!
You feel sick.
You are too injured to fight recklessly!
You are too injured to fight recklessly!
You are too injured to fight recklessly!
You are too injured to fight recklessly!
You are too injured to fight recklessly!
You are too injured to fight recklessly!
You are too injured to fight recklessly!
You are too injured to fight recklessly!
You are too injured to fight recklessly!
You are too injured to fight recklessly!
You are too injured to fight recklessly!
You are too injured to fight recklessly!
You are too injured to fight recklessly!
You are too injured to fight recklessly!
You are too injured to fight recklessly!
You feel sick.
You are no longer poisoned.
You see here a giant cockroach corpse.
You see here a +0 short sword.
You now have 84 gold pieces (gained 14).
Done exploring.
Done exploring.
Done exploring.
Done exploring.
Done exploring.
Done exploring.
Done exploring.
Done exploring.
No target in view!
(D) Dungeon
Where to? (Enter - D:2, ? - help)
You see here a +0 short sword.
There is a stone staircase leading down here.
You climb downwards.
You hear the sound of rushing water.
There is an entrance to a sewer on this level.
Hurry and find it before the portal rusts away!
There is a stone staircase leading up here.
A bat comes into view.
The bat barely misses you.
A bat is nearby!
A bat is nearby!
You closely miss the bat. You headbutt the bat.
The bat is severely wounded.
You block the bat's attack. The bat hits you but does no damage.
You hit the bat.
You kill the bat!
No target in view!
No target in view!
No target in view!
No target in view!
No target in view!
No target in view!
A rat comes into view.
A rat is nearby!
A rat is nearby!
The rat bites you but does no damage.
You closely miss the rat. The rat barely misses you.
You slash the rat!
You kill the rat!
No target in view!
No target in view!
No target in view!
No target in view!
No target in view!
No target in view!
No target in view!
You hear the slow rusting of a very distant drain.
A hobgoblin comes into view.
The hobgoblin shouts!
A hobgoblin is nearby!
A hobgoblin is nearby!
You barely miss the hobgoblin. The hobgoblin hits you.
The hobgoblin hits you but does no damage.
You hit the hobgoblin. You tail-slap the hobgoblin.
You kill the hobgoblin!
No target in view!
No target in view!
No target in view!
No target in view!
No target in view!
No target in view!
No target in view!
You hear the slow rusting of a very distant drain.
HP restored.
You see here a hobgoblin corpse.
You now have 89 gold pieces (gained 5).
You now have 102 gold pieces (gained 13).
You hear the slow rusting of a very distant drain.
Found a dagger.
You enter the shallow water.
Moving in this stuff is going to be slow.
f - 3 scrolls labelled AHA WUOFUPHEAMYE (gained 1)
p - a wand of mindburst (14)
q - a coppery potion No target in view!
No target in view!
No target in view!
No target in view!
No target in view!
No target in view!
No target in view!
No target in view!
No target in view!
No target in view!
No target in view!
A quokka comes into view.
Found a scroll labelled ATORIJ VEHY.
The quokka moves out of view.
Found a stone staircase leading down.
e - 2 scrolls labelled ATORIJ VEHY (gained 1)
You now have 114 gold pieces (gained 12).
You hear the rusting of a distant drain.
A quokka is nearby!
No target in view!
No target in view!
No target in view!
A quokka is nearby!
The quokka closely misses you. You block the quokka's attack.
You hit the quokka. Your headbutt misses the quokka.
Your tail-slap misses the quokka.
The quokka is severely wounded.
The quokka barely misses you.
You miss the quokka.
The quokka is severely wounded.
The quokka barely misses you.
You slash the quokka!
You kill the quokka!
No target in view!
No target in view!
No target in view!
No target in view!
e - 3 scrolls labelled ATORIJ VEHY (gained 1)
f - 4 scrolls labelled AHA WUOFUPHEAMYE (gained 1)
You now have 130 gold pieces (gained 16).
An endoplasm comes into view.
The endoplasm quivers.
An endoplasm is nearby!
An endoplasm is nearby!
An endoplasm is nearby!
A quokka comes into view.
Found 9 gold pieces.
The endoplasm freezes you.
You are frozen.
You hit the endoplasm but do no damage. The endoplasm closely misses you.
You hit the endoplasm. You headbutt the endoplasm.
You tail-slap the endoplasm, but do no damage.
The endoplasm is severely wounded.
The endoplasm hits you but does no damage.
The endoplasm barely misses you.
You hit the endoplasm.
You kill the endoplasm!
You hit the quokka but do no damage.
You headbutt the quokka, but do no damage.
You tail-slap the quokka.
The quokka is severely wounded.
The quokka closely misses you. x2
You slash the quokka!
You kill the quokka!
No target in view!
No target in view!
You hear the rusting of a distant drain.
f - 5 scrolls labelled AHA WUOFUPHEAMYE (gained 1)
You now have 139 gold pieces (gained 9).
You hear the brisk rusting of a very distant drain.
Found a stone staircase leading up and a stone staircase leading down.
You hear the brisk rusting of a drain very nearby.
There is a stone staircase leading up here.
There is a stone staircase leading down here.
Found a glowing drain.
A river rat comes into view.
Found a ring mail.
You enter the shallow water.
Moving in this stuff is going to be slow.
You block the river rat's attack. The river rat bites you.
Your unstable footing causes you to fumble your attack.
The river rat barely misses you.
You hit the river rat.
Your tail-slap misses the river rat.
The river rat is lightly wounded.
The river rat bites you!
Your unstable footing causes you to fumble your attack.
The river rat bites you but does no damage.
The river rat closely misses you.
Your unstable footing causes you to fumble your attack.
The river rat bites you.
Your unstable footing causes you to fumble your attack.
The river rat bites you but does no damage.
Your unstable footing causes you to fumble your attack.
The river rat barely misses you.
Your unstable footing causes you to fumble your attack.
You block the river rat's attack.
Your scale mail prevents you from hitting the river rat.
You block the river rat's attack.
The river rat bites you but does no damage.
You hit the river rat.
The river rat is heavily wounded.
You block the river rat's attack.
Your scale mail prevents you from hitting the river rat.
Your headbutt misses the river rat.
The river rat is heavily wounded.
The river rat bites you.
You are too injured to fight recklessly!
You are too injured to fight recklessly!
You are too injured to fight recklessly!
You are too injured to fight recklessly!
You are too injured to fight recklessly!
You are too injured to fight recklessly!
You are too injured to fight recklessly!
You are too injured to fight recklessly!
You are too injured to fight recklessly!
You are too injured to fight recklessly!
You closely miss the river rat.
The river rat is heavily wounded.
The river rat bites you.
* * * LOW HITPOINT WARNING * * *
You completely miss the river rat. You headbutt the river rat.
The river rat is severely wounded.
The river rat bites you but does no damage.
You closely miss the river rat. You tail-slap the river rat.
The river rat is almost dead.
The river rat bites you.
* * * LOW HITPOINT WARNING * * *
You block the river rat's attack.
You hit the river rat.
You kill the river rat!
You start resting.
You hear the brisk rusting of a drain.
You enter the shallow water.
Moving in this stuff is going to be slow.
There is a glowing drain here.
You start resting.
You hear the quick rusting of a drain.
You start resting.
You hear the quick rusting of a drain.
You start resting.
You hear the rapid rusting of a drain.
You start resting.
HP restored.
The world spins around you as you enter the gateway.
You enter a sewer!
The frilled lizard hisses angrily.
Found a gate leading back out of this place.
There is an empty arch of ancient stone here.
A frilled lizard is nearby!
A frilled lizard is nearby!
No reachable target in view!
There is a gate leading back out of this place here.
You closely miss the frilled lizard.
The frilled lizard bites you but does no damage.
You hit the frilled lizard.
The frilled lizard is heavily wounded.
The frilled lizard bites you but does no damage.
You slash the frilled lizard!
You kill the frilled lizard!
No target in view!
No target in view!
You enter the shallow water.
Moving in this stuff is going to be slow.
A frilled lizard comes into view.
The frilled lizard hisses angrily.
A frilled lizard is nearby!
A frilled lizard is nearby!
A frilled lizard comes into view.
The frilled lizard bites you but does no damage.
You hit the frilled lizard.
You kill the frilled lizard!
No target in view!
No target in view!
No target in view!
No target in view!
No target in view!
No target in view!
No target in view!
No target in view!
No target in view!
No target in view!
You enter the shallow water.
Moving in this stuff is going to be slow.
You enter the shallow water.
Moving in this stuff is going to be slow.
A ball python comes into view.
The ball python moves out of view.
The ball python hisses angrily.
You hear an angry hiss.
A ball python is nearby!
No reachable target in view!
No reachable target in view!
No reachable target in view!
No reachable target in view!
No reachable target in view!
No reachable target in view!
No reachable target in view!
No reachable target in view!
No reachable target in view!
No reachable target in view!
No reachable target in view!
A ball python comes into view.
Your unstable footing causes you to fumble your attack.
The ball python bites you but does no damage.
The ball python grabs you. The ball python constricts you.
You closely miss the ball python. Your headbutt misses the ball python.
You tail-slap the ball python.
You kill the ball python!
The ball python bites you but does no damage.
The ball python grabs you. The ball python constricts you.
The ball python bites you but does no damage.
The ball python constricts you.
You hit the ball python.
You kill the ball python!
No target in view!
No target in view!
Nothing quivered!
You enter the shallow water.
Moving in this stuff is going to be slow.
You see here a ball python corpse.
You enter the shallow water.
Moving in this stuff is going to be slow.
You enter the shallow water.
Moving in this stuff is going to be slow.
You enter the shallow water.
Moving in this stuff is going to be slow.
Found a gate leading back out of this place.
You enter the shallow water.
Moving in this stuff is going to be slow.
You enter the shallow water.
Moving in this stuff is going to be slow.
d - 4 potions of might (gained 2)
r - an inky potion
s - a scroll labelled QYIMOHOPNEE No target in view!
No target in view!
t - a glowing red potion
u - a scroll labelled LEARRA FAZE
g - 2 scrolls labelled RIDONWE KUNY (gained 1)
u - 4 scrolls labelled LEARRA FAZE (gained 3)
You enter the shallow water.
Moving in this stuff is going to be slow.
You enter the shallow water.
Moving in this stuff is going to be slow.
You enter the shallow water.
Moving in this stuff is going to be slow.
A frilled lizard comes into view.
The frilled lizard hisses angrily.
A frilled lizard is nearby!
A frilled lizard is nearby!
No reachable target in view!
The frilled lizard bites you.
You miss the frilled lizard.
You headbutt the frilled lizard, but do no damage.
You block the frilled lizard's attack.
You closely miss the frilled lizard.
The frilled lizard bites you but does no damage.
You miss the frilled lizard.
Your headbutt misses the frilled lizard.
You tail-slap the frilled lizard.
You kill the frilled lizard!
No target in view!
No target in view!
You enter the shallow water.
Moving in this stuff is going to be slow.
Purgy the Meek comes into view.
Purgy shouts!
Purgy is nearby!
Purgy is nearby!
A frilled lizard comes into view.
The frilled lizard hisses angrily.
Okay, then.
You hit Purgy. You headbutt Purgy.
Purgy is moderately wounded.
Purgy barely misses you. Purgy claws you but does no damage.
Purgy barely misses you.
You slash Purgy!
Purgy is heavily wounded.
Purgy barely misses you. You block Purgy's attack. Purgy closely misses you.
You closely miss Purgy.
Purgy is heavily wounded.
Purgy bites you. Purgy claws you. Purgy claws you but does no damage.
You hit Purgy. You headbutt Purgy.
Purgy is heavily wounded.
Purgy bites you! You block Purgy's attack. Purgy completely misses you.
The frilled lizard bites you but does no damage.
Purgy bites you but does no damage. Purgy claws you but does no damage.
Purgy barely misses you.
You closely miss Purgy. You tail-slap Purgy.
Purgy is severely wounded.
The frilled lizard bites you. Purgy bites you. Purgy closely misses you.
Purgy claws you.
* * * LOW HITPOINT WARNING * * *
Aiming: Mindburst
Press: ? - help, Shift-Dir - straight line, f - Purgy
Aim: Purgy (heavily wounded, chance to affect: 73%) Purgy's mind is blasted!
The frilled lizard bites you but does no damage.
Purgy bites you.
* * * LOW HITPOINT WARNING * * *
Purgy barely misses you. Purgy claws you.
* * * LOW HITPOINT WARNING * * *
Aiming: Mindburst
Press: ? - help, Shift-Dir - straight line, f/p - Purgy
Aim: Purgy (almost dead, chance to affect: 73%) Purgy's mind is blasted!
You blow up Purgy!
The frilled lizard barely misses you.
Your Long Blades skill increases to level 5!
You have reached level 5!
Your demonic ancestry asserts itself...
Your magic begins to regenerate rapidly.
You slash the frilled lizard!
You kill the frilled lizard!
Nothing quivered!
Nothing quivered!
Nothing quivered!
You enter the shallow water.
Moving in this stuff is going to be slow.
You start resting.
A frilled lizard is nearby!
A frilled lizard is nearby!
You swing at nothing.
The frilled lizard hisses angrily.
You swing at nothing.
You swing at nothing.
You swing at nothing.
You swing at nothing.
You swing at nothing.
You swing at nothing.
You slash the frilled lizard!
You kill the frilled lizard!
You swing at nothing.
You swing at nothing.
You swing at nothing.
You swing at nothing.
You swing at nothing.
You swing at nothing.
You swing at nothing.
You swing at nothing.
You swing at nothing.
You swing at nothing.
You swing at nothing.
You swing at nothing.
You swing at nothing.
You swing at nothing.
You swing at nothing.
You start resting.
HP restored.
You enter the shallow water.
Moving in this stuff is going to be slow.
You enter the shallow water.
Moving in this stuff is going to be slow.
You enter the shallow water.
Moving in this stuff is going to be slow.
You enter the shallow water.
Moving in this stuff is going to be slow.
A ball python comes into view.
The ball python hisses angrily.
A ball python is nearby!
A ball python is nearby!
A ball python is nearby!
The ball python misses you. The ball python barely misses you.
Your unstable footing causes you to fumble your attack.
You block the ball python's attack. The ball python grabs you.
The ball python constricts you.
The ball python bites you but does no damage.
The ball python constricts you.
Your unstable footing causes you to fumble your attack.
The ball python bites you. The ball python constricts you.
Your unstable footing causes you to fumble your attack.
You block the ball python's attack. The ball python constricts you.
You closely miss the ball python. Your headbutt misses the ball python.
The ball python barely misses you. The ball python constricts you.
You block the ball python's attack. The ball python constricts you.
You closely miss the ball python. Your headbutt misses the ball python.
The ball python barely misses you. The ball python constricts you.
You slash the ball python!
You kill the ball python!
No target in view!
No target in view!
No target in view!
No target in view!
No target in view!
You enter the shallow water.
Moving in this stuff is going to be slow.
You enter the shallow water.
Moving in this stuff is going to be slow.
You enter the shallow water.
Moving in this stuff is going to be slow.
You enter the shallow water.
Moving in this stuff is going to be slow.
You enter the shallow water.
Moving in this stuff is going to be slow.
There is an empty arch of ancient stone here.
There is a gate leading back out of this place here.
You enter the shallow water.
Moving in this stuff is going to be slow.
Partly explored, can't reach some places.
Partly explored, can't reach some places.
Partly explored, can't reach some places.
Partly explored, can't reach some places.
There is a gate leading back out of this place here.
Welcome back to the Dungeon!
There is a collapsed entrance here.
You enter the shallow water.
Moving in this stuff is going to be slow.
Found 21 arrows.
You now have 147 gold pieces (gained 8).
Found a rapier.
A ball python comes into view.
Found a stone staircase leading down.
The ball python hisses angrily.
The ball python closely misses you. The ball python grabs you.
The ball python constricts you.
You see here a +0 rapier.
You slash the ball python!
You kill the ball python!
No target in view!
No target in view!
No target in view!
No target in view!
No target in view!
No target in view!
Found a stone staircase leading up.
A quokka comes into view.
A quokka is nearby!
You block the quokka's attack.
You closely miss the quokka. The quokka closely misses you.
You slash the quokka!
You kill the quokka!
No target in view!
No target in view!
No target in view!
No target in view!
No target in view!
No target in view!
No target in view!
No target in view!
You open the door.
A goblin comes into view. It is wielding a +0 club.
The goblin shouts!
A frilled lizard comes into view.
Found 17 gold pieces and a scroll labelled QOPUAG EDUDUA.
There are monsters nearby!
There are monsters nearby!
There are monsters nearby!
The frilled lizard hisses angrily.
There is an open door here.
The goblin hits you with a +0 club.
You hit the goblin.
You kill the goblin!
Things that are here:
a +0 club; a goblin corpse You slash the frilled lizard!
You kill the frilled lizard!
No target in view!
No target in view!
No target in view!
No target in view!
No target in view!
No target in view!
No target in view!
A giant cockroach comes into view.
A giant cockroach is nearby!
A giant cockroach is nearby!
A giant cockroach is nearby!
The giant cockroach bites you but does no damage.
There is an open door here.
Your shield and scale mail prevent you from hitting the giant cockroach.
The giant cockroach bites you but does no damage.
You hit the giant cockroach.
You kill the giant cockroach!
No target in view!
No target in view!
No target in view!
No target in view!
No target in view!
No target in view!
No target in view!
No target in view!
HP restored.
v - a scroll labelled QOPUAG EDUDUA You now have 164 gold pieces (gained 17).
Things that are here:
a +0 club; a goblin corpse
There is an open door here.
You open the door.
A hobgoblin comes into view.
The hobgoblin shouts!
Found 28 gold pieces.
A hobgoblin is nearby!
There is an open door here.
The hobgoblin hits you but does no damage.
You hit the hobgoblin. You headbutt the hobgoblin.
You kill the hobgoblin!
No target in view!
No target in view!
No target in view!
No target in view!
No target in view!
No target in view!
You see here a hobgoblin corpse.
You now have 175 gold pieces (gained 11).
You now have 192 gold pieces (gained 17).
You see here a hobgoblin corpse.
There is an open door here.
You open the door.
A hobgoblin and an orc come into view.
The orc shouts!
The hobgoblin shouts!
Found a white potion.
There are monsters nearby!
There are monsters nearby!
There are monsters nearby!
There is an open door here.
The orc hits you but does no damage.
You slash the orc!
You kill the orc!
The hobgoblin hits you but does no damage.
The hobgoblin closely misses you.
You barely miss the hobgoblin. You headbutt the hobgoblin.
The hobgoblin is heavily wounded.
You block the hobgoblin's attack.
You slash the hobgoblin!
You kill the hobgoblin!
No target in view!
No target in view!
No target in view!
No target in view!
No target in view!
No target in view!
You see here a +0 mace.
w - a white potion You see here a +0 mace.
There is an open door here.
You open the door.
An endoplasm and a goblin come into view.
The goblin shouts!
Found 3 gold pieces.
There are monsters nearby!
There are monsters nearby!
There is an open door here.
You hit the endoplasm.
The endoplasm is moderately wounded.
The endoplasm hits you but does no damage.
You barely miss the endoplasm. You tail-slap the endoplasm.
You kill the endoplasm!
The goblin barely misses you.
You slash the goblin!
You kill the goblin!
No target in view!
No target in view!
No target in view!
No target in view!
No target in view!
You see here a +0 club.
You now have 195 gold pieces (gained 3).
You see here a +0 club.
There is an open door here.
Found 5 large rocks.
A quokka comes into view.
A quokka is nearby!
A quokka is nearby!
You slash the quokka!
You kill the quokka!
No target in view!
No target in view!
No target in view!
No target in view!
No target in view!
No target in view!
No target in view!
No target in view!
You open the door.
A worm comes into view.
The worm moves out of view.
Found 15 gold pieces and a scroll labelled QYIMOHOPNEE.
You see here a quokka corpse.
A worm is nearby!
There is an open door here.
The worm closely misses you.
You hit the worm. You headbutt the worm.
Your tail-slap misses the worm.
The worm is moderately wounded.
You hit the worm but do no damage. You headbutt the worm.
The worm is severely wounded.
The worm misses you.
You hit the worm. You tail-slap the worm.
You kill the worm!
No target in view!
No target in view!
No target in view!
No target in view!
No target in view!
No target in view!
You now have 210 gold pieces (gained 15).
s - 2 scrolls labelled QYIMOHOPNEE (gained 1)
There is an open door here.
You see here a quokka corpse.
You open the door.
A ball python, an endoplasm and a gnoll come into view.
The gnoll shouts!
The ball python hisses angrily.
Found a leather armour.
There are monsters nearby!
There are monsters nearby!
There are monsters nearby!
You closely miss the ball python. You headbutt the ball python.
You kill the ball python!
You hit the endoplasm.
The endoplasm is moderately wounded.
You block the endoplasm's attack. The endoplasm closely misses you.
The gnoll hits you from afar with a +0 spear.
You hit the endoplasm but do no damage.
The endoplasm is moderately wounded.
The endoplasm hits you but does no damage.
The gnoll barely misses you.
You hit the endoplasm. You headbutt the endoplasm.
You kill the endoplasm!
The gnoll hits you but does no damage.
Found a potion of might.
The gnoll barely misses you.
There is an open door here.
You slash the gnoll!
You kill the gnoll!
No target in view!
No target in view!
Things that are here:
a +0 spear; a gnoll corpse No target in view!
No target in view!
No target in view!
No target in view!
No target in view!
No target in view!
You see here a +0 leather armour.
d - 5 potions of might (gained 1)
You see here a +0 leather armour.
Things that are here:
a +0 spear; a gnoll corpse
There is an open door here.
A dart slug comes into view.
A dart slug is nearby!
A dart slug is nearby!
The dart slug launches a dart at you.
The slug dart hits you but does no damage.
You hit the dart slug. You headbutt the dart slug.
The dart slug is almost dead.
The dart slug bites you but does no damage.
You slash the dart slug!
You kill the dart slug!
No target in view!
No target in view!
No target in view!
No target in view!
No target in view!
No target in view!
You see here a dart slug corpse.
You see here a dart slug corpse.
You enter the shallow water.
Moving in this stuff is going to be slow.
Key pressed, stopping explore.
There is a stone staircase leading down here.
There is a stone staircase leading up here.
Done exploring.
Done exploring.
No target in view!
No target in view!
No target in view!
No target in view!
No target in view!
No target in view!
No target in view!
Done exploring.
Done exploring.
(D) Dungeon
Where to? (Enter - D:3, ? - help)
There is a stone staircase leading up here.
There is a stone staircase leading down here.
You climb downwards.
The hound barks!
Found a club, a leather armour, a hand axe and a robe.
Found a stone staircase leading down.
There is a stone staircase leading up here.
There are monsters nearby!
There are monsters nearby!
There are monsters nearby!
A scorpion comes into view.
There is a stone staircase leading up here.
You block the scorpion's attack.
You climb upwards.
There is a stone staircase leading down here.
You hit the scorpion but do no damage. Your headbutt misses the scorpion.
You block the scorpion's attack. The scorpion stings you.
You hit the scorpion. Your headbutt misses the scorpion.
The scorpion is lightly wounded.
The scorpion stings you.
You barely miss the scorpion. You headbutt the scorpion.
The scorpion is moderately wounded.
The scorpion stings you.
The scorpion stings you but does no damage.
You hit the scorpion.
The scorpion is severely wounded.
The scorpion stings you.
You hit the scorpion.
Your tail-slap misses the scorpion.
The scorpion is almost dead.
The scorpion stings you. The scorpion barely misses you.
You are too injured to fight recklessly!
You are too injured to fight recklessly!
You are too injured to fight recklessly!
You are too injured to fight recklessly!
You are too injured to fight recklessly!
You are too injured to fight recklessly!
You are too injured to fight recklessly!
You are too injured to fight recklessly!
You are too injured to fight recklessly!
You are too injured to fight recklessly!
You are too injured to fight recklessly!
You are too injured to fight recklessly!
You are too injured to fight recklessly!
You closely miss the scorpion.
You headbutt the scorpion, but do no damage.
The scorpion is almost dead.
The scorpion stings you but does no damage.
You slash the scorpion!
You kill the scorpion!
You have reached level 6!
Your experience leads to an increase in your attributes!
Increase (S)trength, (I)ntelligence, or (D)exterity?
You feel clever.
HP restored.
Done exploring.
Done exploring.
Done exploring.
Done exploring.
Done exploring.
No target in view!
You climb downwards.
The hound bites you. The scorpion misses you. You block the hound's attack.
The scorpion stings you but does no damage.
There is a stone staircase leading up here.
(D) Dungeon
Where to? (Enter - D:4, ? - help)
There are monsters nearby!
You block the hound's attack. The scorpion stings you.
You climb upwards.
There is a stone staircase leading down, spattered with blood here.
The hound bites you. x2
The scorpion stings you but does no damage.
The hound bites you but does no damage.
You barely miss the hound. Your headbutt misses the hound.
Your tail-slap misses the hound.
The hound bites you but does no damage. x2
You closely miss the hound.
You headbutt the hound, but do no damage.
The hound bites you. The hound bites you but does no damage.
You hit the hound but do no damage. You tail-slap the hound.
The hound is lightly wounded.
The hound bites you but does no damage. You block the hound's attack.
You barely miss the hound. Your headbutt misses the hound.
The hound is lightly wounded.
The hound bites you.
You closely miss the hound. You headbutt the hound.
The hound is moderately wounded.
The hound bites you but does no damage. The hound barely misses you.
You hit the hound.
The hound is heavily wounded.
The hound bites you but does no damage. You block the hound's attack.
You hit the hound.
The hound is severely wounded.
The hound bites you but does no damage.
You miss the hound.
The hound is severely wounded.
The hound bites you. The hound bites you but does no damage.
You completely miss the hound.
The hound is severely wounded.
The hound barely misses you. The hound bites you but does no damage.
You slash the hound!
You kill the hound!
The scorpion stings you.
Your Long Blades skill increases to level 6!
You hit the scorpion.
The scorpion is lightly wounded.
The scorpion stings you but does no damage.
You slash the scorpion!
The scorpion is severely wounded.
The scorpion stings you but does no damage.
You hit the scorpion. You headbutt the scorpion.
The scorpion is almost dead.
You block the scorpion's attack.
The scorpion stings you but does no damage.
You hit the scorpion but do no damage.
The scorpion is almost dead.
You block the scorpion's attack.
You barely miss the scorpion.
You headbutt the scorpion, but do no damage.
The scorpion is almost dead.
The scorpion barely misses you.
You closely miss the scorpion.
You headbutt the scorpion, but do no damage.
The scorpion is almost dead.
The scorpion stings you.
You are poisoned.
The scorpion poisons you! The scorpion stings you.
* * * LOW HITPOINT WARNING * * *
You are lethally poisoned!
The scorpion poisons you!
You hit the scorpion.
You kill the scorpion!
* * * LOW HITPOINT WARNING * * *
You feel very sick.
* * * LOW HITPOINT WARNING * * *
You feel very sick.
Things that are here:
a scorpion corpse; a hound corpse It was a potion of attraction.
You feel attractive to monsters.
* * * LOW HITPOINT WARNING * * *
You feel very sick.
It was a potion of invisibility.
You fade into invisibility!
* * * LOW HITPOINT WARNING * * *
You feel very sick.
You are very lightly contaminated with residual magic.
It was a potion of cancellation.
Your magical effects are unravelling.
You feel magically purged.
Your magical contamination has completely faded away.
You flicker back into view.
* * * LOW HITPOINT WARNING * * *
You feel sick.
You feel less attractive to monsters.
It was a potion of brilliance.
You feel clever all of a sudden.
* * * LOW HITPOINT WARNING * * *
You feel sick.
It was a potion of mutation.
You feel extremely strange.
You feel less energetic.
Your mouth lengthens and hardens into a beak!
You feel your magical essence link to the dungeon's wands.
You die...

.#.......# #....#......#....## #
.##.....## #..##...#.##...#..# ##
.###...## ##......#......#..# #.
## ##### ##..#.###..#.##.(.###.
#...#......#..........
#.##...#.##..#######.. #
#......#.....# #.. #
##..#.##......# #.. #
#...#.@...##..# #.. #
#.##).######..#######.. #
#......>...............
############...#†##############..
.................# ###
##################


There were no monsters in sight!

Vanquished Creatures
  Purgy (Sewer)
  2 scorpions (D:3)
  A hound (D:3)
  6 adders (D:2)
  A gnoll (D:3)
  A river rat (D:3)
  2 worms
  3 dart slugs
  An orc (D:3)
  6 endoplasms
  2 giant cockroaches
  6 hobgoblins
  7 kobolds
  4 quokkas (D:3)
  9 ball pythons
  6 bats
  8 frilled lizards
  5 goblins
  5 rats
76 creatures vanquished.

Notes
Turn   | Place    | Note
-------+----------+-------------------------------------------
     0 | D:1      | sleeves the Demonspawn Fighter began the quest for the Orb.
     0 | D:1      | Reached XP level 1. HP: 18/18 MP: 1/1
    76 | D:1      | Reached skill level 2 in Long Blades
   257 | D:1      | Discovered your monstrous ancestry.
   257 | D:1      | Gained mutation: You have a pair of small horns on your
                  | head. [demonic ancestry]
   257 | D:1      | Reached XP level 2. HP: 20/24 MP: 2/2
   888 | D:1      | Reached skill level 3 in Long Blades
  1072 | D:2      | Gained mutation: You have a small tail. [demonic ancestry]
  1072 | D:2      | Reached XP level 3. HP: 27/29 MP: 3/3
  1150 | D:2      | Found a faded altar of an unknown god.
  1300 | D:2      | Found a bloodstained altar of Trog.
  1553 | D:2      | Reached skill level 4 in Long Blades
  1553 | D:2      | Reached XP level 4. HP: 30/35 MP: 4/4
  2123 | D:3      | Found a glowing drain.
  2141 | D:3      | HP: 14/35 [river rat (5)]
  2344 | Sewer    | Entered a sewer
  2426 | Sewer    | Noticed Purgy
  2435 | Sewer    | HP: 16/35 [Purgy (3)]
  2437 | Sewer    | Killed Purgy
  2438 | Sewer    | Reached skill level 5 in Long Blades
  2438 | Sewer    | Gained mutation: You regenerate magic rapidly. [demonic
                  | ancestry]
  2438 | Sewer    | Reached XP level 5. HP: 13/41 MP: 5/5
  3188 | D:3      | Reached XP level 6. HP: 30/47 MP: 6/6
  3316 | D:3      | Reached skill level 6 in Long Blades
  3321 | D:3      | HP: 20/47 [scorpion (6)]
  3324 | D:3      | HP: 7/47 [poisoned by a scorpion]
  3326 | D:3      | HP: 2/47 [poisoned by a scorpion]
  3328 | D:3      | Gained mutation: Your magical capacity is low. (-10% MP)
                  | [potion of mutation]
  3328 | D:3      | Gained mutation: You have a beak for a mouth. [potion of
                  | mutation]
  3328 | D:3      | Gained mutation: You expend magic power (3 MP) to
                  | strengthen your wands. [potion of mutation]
  3328 | D:3      | Succumbed to a scorpion's poison

Illustrated notes

Levels and vault maps discovered:
D:1:      lemuel_arrival_hallway, layout_loops_corners
D:2:      layout_rooms, basic_altar, basic_ecumenical_altar, minmay_pentomino_p2
D:3:      kennysheep_six_static_rooms, layout_loops_ring, portal_sewer_entry_a,
          hangedman_decor_points, chequers_serial_rivers_large_b
D:4:      layout_cave_pools

Skill      XL: |  1  2  3  4  5  6 |
---------------+-------------------+-----
Long Blades    | 2 3 4 5 6 |  6.4
Fighting       | |  3.0
Armour         | |  2.6
Shields        | |  2.6

Action                   |  1- 3 |  4- 6 || total
-------------------------+-------+-------++-------
Melee: Long sword        |    75 |   118 ||   193
       Headbutt          |    11 |    22 ||    33
       Tailslap          |     3 |    13 ||    16
Evoke: Wand              |       |     2 ||     2
  Use: Potion            |       |     5 ||     5
Armor: Scale mail        |    26 |    58 ||    84
Dodge: Dodged            |    27 |    48 ||    75
Block: Buckler           |    11 |    28 ||    39

Table legend: (Time is in decaauts)
 A = Elapsed time spent in this place.
 B = Non-inter-level travel time spent in this place.
 C = Inter-level travel time spent in this place.
 D = Time resting spent in this place.
 E = Time spent auto-exploring this place.
 F = Levels seen in this place.
 G = Mean time per level.
                   A        B        C        D        E       F      G
               +--------+--------+--------+--------+--------+-----+--------+
         Total |   3442 |   3359 |     83 |    378 |   2437 |   5 |  688.4 |
       Dungeon |   3011 |   2928 |     83 |    195 |   2293 |   4 |  752.8 |
         Sewer |    431 |    431 |      0 |    183 |    144 |   1 |  431.0 |
               +--------+--------+--------+--------+--------+-----+--------+

Top non-repeatable levels by time:
     D:3: 1214 daAuts
     D:1: 1038 daAuts
     D:2: 751 daAuts
   Sewer: 431 daAuts
     D:4: 7 daAuts
